 Dungeon Crawl Stone Soup version 0.32-a0-768-g0f6f1dd4b9 (webtiles) character file.

Game seed: 16807730999649010180

1667 dialectric the Ruffian (level 8, -4/80 HPs)
             Began as a Troll Shapeshifter on Mar 19, 2024.
             Was a Follower of Nemelex Xobeh.
             Slain by Maggie
             ... wielding a +0 war axe of flaming
              (11 damage)
             ... on level 7 of the Dungeon.
             The game lasted 00:07:27 (5398 turns).

dialectric the Ruffian (Troll Shapeshifter)         Turns: 5398, Time: 00:07:27

Health: -4/80      AC:  2    Str: 25      XL:     8   Next: 69%
Magic:  8/8        EV:  9    Int:  6      God:    Nemelex Xobeh [*.....]
Gold:   126        SH:  0    Dex:  8 (9)  Spells: 7/7 levels left

rFire   . .          .
                       - Unarmed
rCold   . . .        (no shield)
rNeg    . . .        v - +2 animal skin
rPois   .            (helmet currently unavailable)
rElec   .            (cloak currently unavailable)
rCorr   .            (gloves unavailable)
SInv    .            (boots unavailable)
Will    .....        (no amulet)
Stlth   +            (no ring)
HPRegen 1.13/turn    (no ring)
MPRegen 0.11/turn

%: no passive effects
@: beast-form, corroded, mesmerised
A: beast (slay +2), large, unfitting armour, claws 3, regeneration 1, shaggy fur
1, tough skin 1, deterioration 1, inability to drink after injury 1, noise
suppression
a: Begin Untransformation, Renounce Religion, Draw Escape, Draw Destruction,
Draw Summoning


You were on level 7 of the Dungeon.
You worshipped Nemelex Xobeh.
Nemelex Xobeh was aware of your devotion.
You were a hulking beast.
You visited 2 branches of the dungeon, and saw 8 of its levels.

You collected 261 gold pieces.
You spent 135 gold pieces at shops.

Inventory:

Missiles
 h - 3 throwing nets (quivered)
 E - a curare-tipped dart
Armour
 s - a +0 hat
 v - a +2 animal skin (worn)
Jewellery
 n - a ring of magical power
 r - a ring of ice
 A - a ring of resist corrosion
 D - the ring of the Hare {EV+10}
   (You found it on level 7 of the Dungeon)

   [ring of evasion]

   EV+10:     It affects your evasion (+10).
Talismans
 c - a beast talisman (active)
 d - a flux talisman
 B - a blade talisman
Wands
 a - a wand of flame (15)
 C - a wand of iceblast (8)
Scrolls
 f - 2 scrolls of fog {unknown}
 g - 3 scrolls of teleportation
 l - 2 scrolls of revelation {unknown}
 m - a scroll of silence {unknown}
 q - 2 scrolls of fear
 t - a scroll of enchant weapon {unknown}
 u - 5 scrolls of identify
 y - a scroll of noise {unknown}
Potions
 b - 2 potions of lignification
 e - a potion of invisibility {unknown}
 i - a potion of curing {unknown}
 j - a potion of magic
 k - 2 potions of berserk rage
 o - a potion of might {unknown}
 p - a potion of enlightenment {unknown}
 x - 2 potions of resistance
 z - a potion of degeneration {unknown}


   Skills:
 + Level 5.1 Fighting
 + Level 2.6 Armour
 * Level 4.1 Dodging
 + Level 5.3 Unarmed Combat
 + Level 2.3 Invocations
 + Level 5.0 Shapeshifting


You had 7 spell levels left.
You didn't know any spells.
Your spell library contained the following spells:

 Spells                   Type           Power      Damage    Failure   Level
 Cigotuvi's Dreadful Rot  Necr/Alch/Air  0%         N/A       58%         2
 Hailstorm                Conj/Ice       0%         3d5       83%         3
 Summon Ice Beast         Ice/Summ       0%         N/A       83%         3
 Dispel Undead            Necr           0%         3d6       99%         4
 Martyr's Knell           Necr/Summ      0%         N/A       99%         4
 Permafrost Eruption      Ice/Erth       0%         2x4d2     100%        6
 Sculpt Simulacrum        Ice/Alch       0%         N/A       100%        6


Dungeon Overview and Level Annotations

Branches:
Dungeon (7/15)             Temple (1/1) D:5

Altars:
Ashenzari
Cheibriados
Dithmenos
Fedhas
Gozag
Hepliaklqana
Kikubaaqudgha
Makhleb
Nemelex Xobeh
Okawaru
Qazlal
Ru
Sif Muna
Trog
Vehumet
Wu Jian
Xom
Zin
The Shining One

Shops:
D:3 :   D:6 ?=

Annotations:
D:7 Maggie


Innate Abilities, Weirdness & Mutations

You are a hulking beast.
Your limbs bulge with bestial killing power. (Slay +2)
You are too large for most types of armour.
You have claws for hands.
Your natural rate of healing is unusually fast.
You are covered in fur. (AC +1)
You have tough skin. (AC +1)
Your body sometimes deteriorates upon taking damage.
You occasionally lose the ability to drink potions when taking damage.
You passively dampen the noise of your surroundings.


Message History

You cannot move away from Maggie!
Unknown command.
You feel much better.
Maggie hits you with a +0 war axe of flaming!
Maggie burns you. The ice beast hits you. The ice beast freezes you.
You feel much better.
Maggie points at you and mumbles some strange words.
The bolt of fire hits you!! The ice beast barely misses you.
You are too mesmerised to rage.
You scratch Maggie.
Maggie is lightly wounded.
Maggie barely misses you.
The ice beast hits you but does no damage.
You closely miss Maggie.
Maggie is lightly wounded.
Maggie says, "Leave now, and tell all of Margery's mercy!"
Maggie hits you with a +0 war axe of flaming.
Maggie burns you.
The ice beast hits you but does no damage.
You claw Maggie!
Maggie is lightly wounded.
Okay, then.
You scratch Maggie.
Maggie is moderately wounded.
Maggie gestures at you while chanting. The bolt of fire hits you!
* * * LOW HITPOINT WARNING * * *
Your body deteriorates!
You feel clumsy. The ice beast closely misses you.
You claw Maggie!
Maggie is moderately wounded.
Maggie zaps a wand.
The bolt of acid hits you!!
* * * LOW HITPOINT WARNING * * *
The acid corrodes you! The ice beast barely misses you.
Unknown command.
You claw Maggie!
Maggie is heavily wounded.
Maggie hits you with a +0 war axe of flaming!
You die...
Your body glows slightly and disappears.

.>. ##### ?.. .....
#.######## ......
#.##.....#
..)...###+##.##.###.#
......@....#.##.# #.#
......Yh...#.##.# #.#
.........?......# #.#
...........#.#### #.#
......######.# #.#
...... ####.######.#
...... #.........#.#
..... #.........#.#
..... #.........#.#
#.........#.#


You could see Maggie (mesmerising) and an ice beast.

Vanquished Creatures
  An ice beast (D:6)
  2 sky beasts (D:6)
  3 phantoms
  A kobold brigand (D:7)
  5 scorpions
  4 bombardier beetles
  A gnoll bouda (D:7)
  A hound (D:7)
  5 iguanas
  A sleepcap (D:4)
  5 orc wizards
  Robin (D:2)
  8 gnolls
  12 adders
  2 shadow imps
  A white imp (D:7)
  2 ufetubi (D:6)
  2 dart slugs
  5 ribbon worms
  16 orcs
  5 ball pythons
  3 endoplasms
  2 giant cockroaches
  8 goblins
  9 hobgoblins
  2 jackals (D:2)
  10 kobolds
  7 quokkas
  9 bats
  2 frilled lizards (D:2)
  5 rats
140 creatures vanquished.

Notes
Turn   | Place    | Note
-------+----------+-------------------------------------------
     0 | D:1      | dialectric the Troll Shapeshifter began the quest for the
                  | Orb.
     0 | D:1      | Reached XP level 1. HP: 18/18 MP: 0/0
   162 | D:1      | Reached skill level 1 in Fighting
   170 | D:1      | Reached XP level 2. HP: 26/27 MP: 1/1
   854 | D:2      | Reached XP level 3. HP: 33/33 MP: 2/2
  1002 | D:2      | Found a faded altar of an unknown god.
  1243 | D:2      | Noticed Robin
  1297 | D:2      | Killed Robin
  1298 | D:2      | Reached XP level 4. HP: 24/42 MP: 3/3
  1833 | D:2      | Prayed at the altar of an unknown god.
  2169 | D:3      | Found Gijellil's Vocational Training.
  2359 | D:3      | Found a shimmering altar of Xom.
  2362 | D:3      | Found a shimmering altar of Xom.
  2561 | D:4      | Reached XP level 5. HP: 45/50 MP: 4/4
  2745 | D:4      | Noticed a phantom
  2752 | D:4      | Killed a phantom
  2753 | D:4      | Reached XP level 6. HP: 55/61 MP: 5/5
  3309 | D:5      | Entered Level 5 of the Dungeon
  3350 | D:5      | Reached skill level 1 in Armour
  3380 | D:5      | Found a staircase to the Ecumenical Temple.
  3387 | D:5      | Reached XP level 7. HP: 68/68 MP: 6/6
  3439 | Temple   | Entered the Ecumenical Temple
  3460 | Temple   | Became a worshipper of Nemelex Xobeh the Trickster
  3648 | D:5      | Found an iron altar of Okawaru.
  3657 | D:5      | Found a stormy altar of Qazlal.
  3995 | D:5      | Reached skill level 1 in Invocations
  4387 | D:6      | Found Xicw's Magic Scroll Boutique.
  4392 | D:6      | Bought a scroll of fear for 60 gold pieces
  4392 | D:6      | Bought a scroll of teleportation for 45 gold pieces
  4392 | D:6      | Bought a scroll of identify for 30 gold pieces
  4401 | D:6      | Gained mutation: You are clumsy. (Dex -2) [potion of
                  | mutation]
  4401 | D:6      | Gained mutation: You occasionally lose the ability to read
                  | scrolls when taking damage. [potion of mutation]
  4401 | D:6      | Gained mutation: You occasionally lose the ability to drink
                  | potions when taking damage. [potion of mutation]
  4401 | D:6      | Gained mutation: You passively dampen the noise of your
                  | surroundings. [potion of mutation]
  4403 | D:6      | Lost mutation: You are clumsy. (Dex -2) [potion of
                  | mutation]
  4403 | D:6      | Lost mutation: You occasionally lose the ability to read
                  | scrolls when taking damage. [potion of mutation]
  4403 | D:6      | Gained mutation: Your body sometimes deteriorates upon
                  | taking damage. [potion of mutation]
  4454 | D:6      | Reached * piety under Nemelex Xobeh
  4479 | D:6      | Found Ubbeim's Jewellery Shoppe.
  4494 | D:6      | Reached XP level 8. HP: 66/79 MP: 6/8
  4569 | D:6      | Received a gift from Nemelex Xobeh
  4687 | D:6      | Reached skill level 5 in Unarmed Combat
  5053 | D:7      | Reached skill level 5 in Fighting
  5136 | D:7      | Reached skill level 5 in Shapeshifting
  5226 | D:7      | Found the ring of the Hare {EV+10}
  5383 | D:7      | Noticed Maggie
  5398 | D:7      | Slain by Maggie

Illustrated notes

Levels and vault maps discovered:
D:1:      saegor_arrival_simple_e, layout_loops_ring, serial_bayou_ford_a
D:2:      layout_basic, nicolae_ecumenical_lake_church, uniq_robin
D:3:      layout_loops_ring, xom_redecorated, nicolae_shop_vocational
D:4:      layout_basic
D:5:      layout_basic, amethyst_overflow_temple_binary,
          minmay_temple_entry_slanted
D:6:      kennysheep_slugbush, layout_cave_pods, serial_shops, shop, shop,
          minmay_misc_feat_enclosed, uniq_crazy_yiuf_cottage
D:7:      layout_basic, hangedman_glass_teeth, uniq_maggie
Temple:   nicolae_temple_elliptical

Skill      XL: |  1  2  3  4  5  6  7  8 |
---------------+-------------------------+-----
Fighting       | 1 2 3 4 5 |  5.1
Dodging        | 2 3 4 |  4.1
Unarmed Combat | 4 5 |  5.3
Shapeshifting  | 4 5 |  5.0
Armour         | 1 2 |  2.6
Invocations    | 1 2 |  2.3

Action                     |  1- 3 |  4- 6 |  7- 9 || total
---------------------------+-------+-------+-------++-------
  Melee: Unarmed           |    78 |   144 |   175 ||   397
         Punch             |       |     4 |     3 ||     7
    Use: Scroll            |       |       |     6 ||     6
         Potion            |       |       |     4 ||     4
   Stab: Sleeping          |       |     1 |       ||     1
 Armour: Animal skin       |    40 |    99 |   141 ||   280
  Dodge: Dodged            |    38 |    48 |    77 ||   163

Table legend: (Time is in decaauts)
 A = Elapsed time spent in this place.
 B = Non-inter-level travel time spent in this place.
 C = Inter-level travel time spent in this place.
 D = Time resting spent in this place.
 E = Time spent auto-exploring this place.
 F = Levels seen in this place.
 G = Mean time per level.
                   A        B        C        D        E       F      G
               +--------+--------+--------+--------+--------+-----+--------+
         Total |   5382 |   5157 |    225 |     62 |   4063 |   8 |  672.8 |
       Dungeon |   5347 |   5150 |    197 |     62 |   4063 |   7 |  763.9 |
        Temple |     35 |      7 |     28 |      0 |      0 |   1 |   35.0 |
               +--------+--------+--------+--------+--------+-----+--------+

Top non-repeatable levels by time:
     D:2: 1213 daAuts
     D:5: 1001 daAuts
     D:4: 755 daAuts
     D:1: 666 daAuts
     D:3: 659 daAuts
     D:7: 559 daAuts
     D:6: 490 daAuts
  Temple: 35 daAuts
